 Dungeon Crawl Stone Soup version 0.30-b1-2-g02819fbbbe (webtiles) character file.

Game seed: 5445453422063502337

61 Alarkh the Trooper (level 3, -3/30 HPs)
             Began as a Demonspawn Artificer on Dec 4, 2023.
             Slain by a cerulean imp
             ... wielding a +1 spear
             ... summoned by Natasha
              (5 damage)
             ... on level 2 of the Dungeon.
             The game lasted 00:02:08 (1159 turns).

Alarkh the Trooper (Demonspawn Artificer)           Turns: 1159, Time: 00:02:10

Health: -3/30      AC:  3    Str: 12    XL:     3   Next: 83%
Magic:  3/3        EV: 11    Int: 14    God:
Gold:   95         SH:  0    Dex: 13    Spells: 2/2 levels left

rFire   . . .        a - +1 short sword (speed)
rCold   . . .        (no shield)
rNeg    . . .        b - +0 leather armour
rPois   .            (no helmet)
rElec   .            (no cloak)
rCorr   .            (no gloves)
SInv    .            (no boots)
Will    .....        (no amulet)
Stlth   +            o - ring of wizardry
HPRegen 0.25/turn    (no ring)
MPRegen 0.08/turn

%: wizardry (x1)
@: slowed, very slow
A: powered by death 1
a: no special abilities


You were on level 2 of the Dungeon.
You visited 1 branch of the dungeon, and saw 2 of its levels.

You collected 95 gold pieces.

Inventory:

Hand Weapons
 a - a +1 short sword of speed (weapon)
 f - a +0 club
Armour
 b - a +0 leather armour (worn)
Jewellery
 o - a ring of wizardry (left hand)
 p - a ring of positive energy
Wands
 c - a wand of flame (5) (quivered)
 d - a wand of charming (15)
 e - a wand of iceblast (5)
Scrolls
 g - a scroll of enchant armour {unknown}
 h - a scroll of amnesia {unknown}
 j - a scroll of butterflies {unknown}
 k - a scroll of identify {unknown}
 q - a scroll of magic mapping {unknown}
Potions
 i - a potion of curing {unknown}
 l - a potion of magic {unknown}
 m - a potion of mutation {unknown}
 n - a potion of attraction {unknown}


   Skills:
 + Level 3.8 Fighting
 - Level 1.7 Armour
 - Level 0.8 Dodging
 - Level 0.8 Stealth
 - Level 3.0 Evocations


You had 2 spell levels left.
You didn't know any spells.
Your spell library contained the following spells:

 Spells                   Type           Power      Damage    Failure   Level
 Vhi's Electric Charge    Tloc/Air       0%         N/A       38%         3
 Arcjolt                  Conj/Air       0%         1d10      98%         5
 Maxwell's Capacitive Co  Air            0%         ∞         100%        8


Dungeon Overview and Level Annotations

Branches:
Dungeon (2/15)

Altars:

Annotations:
D:2 Natasha


Innate Abilities, Weirdness & Mutations

You regenerate a little health from kills.


Message History

Natasha hisses angrily.
You barely miss Natasha.
Natasha stares at you and mumbles some strange words.
The magic dart hits you!
You miss Natasha. You closely miss Natasha.
Natasha mumbles some strange words.
You hit Natasha but do no damage.
Natasha howls an incantation.
Natasha shimmers violently.
Natasha claws you.
You hit Natasha.
Natasha is moderately wounded.
The cerulean imp hits you with a +1 spear.
Aiming: Throw Flame
Press: ? - help, Shift-Dir - straight line, f - Natasha
Aim: Natasha (moderately wounded, 64% to hit)
The puff of flame hits Natasha.
Natasha is severely wounded.
Natasha stares at you and mumbles some strange words.
You feel yourself slow down.
The cerulean imp hits you with a +1 spear.
Aiming: Throw Flame
Press: ? - help, Shift-Dir - straight line, f/p - Natasha
Aim: Natasha (severely wounded, 64% to hit)
The puff of flame misses Natasha.
Natasha claws you.
The cerulean imp hits you but does no damage.
Natasha growls.
Natasha stares at you and mumbles some strange words.
You feel as though you will be slow longer.
Aiming: Throw Flame
Press: ? - help, Shift-Dir - straight line, f/p - Natasha
Aim: Natasha (severely wounded, 64% to hit)
The puff of flame misses Natasha.
The cerulean imp hits you with a +1 spear.
* * * LOW HITPOINT WARNING * * *
Natasha claws you.
* * * LOW HITPOINT WARNING * * *
The cerulean imp hits you with a +1 spear.
You die...

#.#.##.###.# .#
#.#.##.# #.# .#
#.#.##.# #.#
#.#.##.# #.#
#### #.#.#..#
#.# #..
#.#.#.## #..
#.#.#.#
#.#######
#...#.#
#h.......
#####.# #@# #.#
#5## #.# #..#
#.# ##.# #.#
#.# #.##### #.#
#.....# #.#
#####.#######.#
#.........#


You could see Natasha and a cerulean imp (summoned).

Vanquished Creatures
  Natasha (D:2)
  An adder (D:2)
  A worm (D:2)
  4 endoplasms
  3 goblins (D:1)
  2 hobgoblins (D:1)
  4 kobolds
  A quokka (D:1)
  2 ball pythons (D:1)
  4 bats
  2 rats (D:1)
25 creatures vanquished.

Notes
Turn   | Place    | Note
-------+----------+-------------------------------------------
     0 | D:1      | Alarkh the Demonspawn Artificer began the quest for the
                  | Orb.
     0 | D:1      | Reached XP level 1. HP: 15/15 MP: 1/1
   261 | D:1      | Gained mutation: You regenerate a little health from kills.
                  | [demonic ancestry]
   261 | D:1      | Reached XP level 2. HP: 22/22 MP: 2/2
   866 | D:2      | Noticed Natasha
   877 | D:2      | Killed Natasha
   878 | D:2      | Reached XP level 3. HP: 13/29 MP: 3/3
  1146 | D:2      | Noticed Natasha
  1159 | D:2      | Slain by a cerulean imp

Illustrated notes

Levels and vault maps discovered:
D:1:      dpeg_arrival_simpleton_a, layout_loops_ring, st_stairs_3
D:2:      layout_basic, serial_shops, shop, uniq_natasha

Skill      XL: |  1  2 |
---------------+-------+-----
Fighting       | 2 3 |  3.8
Armour         | |  1.7
Dodging        | |  0.8
Stealth        | |  0.8
Evocations     | |  3.0

Action                     || total
---------------------------++-------
  Melee: Short sword       ||    89
         Club              ||     2
         Punch             ||     1
  Evoke: Wand              ||    10
   Stab: Sleeping          ||     4
 Armour: Leather armour    ||    18
  Dodge: Dodged            ||    32
